 Dungeon Crawl Stone Soup version 0.28-a0-1638-g9123634e07 (webtiles) character file.

Game seed: 16166903212791597479

1201 hashsling the Thaumaturge (level 8, -11/41 HPs)
             Began as a Deep Elf Conjurer on Jan 25, 2022.
             Was a Follower of Sif Muna.
             Mangled by Duvessa (13 damage)
             ... on level 6 of the Dungeon.
             The game lasted 00:09:57 (4362 turns).

hashsling the Thaumaturge (Deep Elf Conjurer)       Turns: 4362, Time: 00:09:58

Health: -11/41     AC:  5    Str:  4    XL:     8   Next: 21%
Magic:  14/31      EV: 14    Int: 32    God:    Sif Muna [*.....]
Gold:   174        SH:  0    Dex: 15    Spells: 13/23 levels left

rFire   . . .      SeeInvis .   l - +11 long sword "Esoyts" {flame, MP+9 Dex+2}
rCold   . . .      Faith    .   (no shield)
rNeg    . . .      Spirit   .   a - +0 robe
rPois   .          Reflect  .   k - +2 helmet
rElec   .          Harm     .   (no cloak)
rCorr   .          Rampage  .   (no gloves)
Will    .....                   (no boots)
Stlth   ++........              (no amulet)
HPRegen 0.13/turn               w - +6 ring of intelligence
MPRegen 0.22/turn               (no ring)

@: no status effects
A: no striking features
a: Renounce Religion, Channel Magic


You were on level 6 of the Dungeon.
You worshipped Sif Muna.
Sif Muna was aware of your devotion.
You visited 2 branches of the dungeon, and saw 6 of its levels.

You collected 174 gold pieces.

Inventory:

Hand Weapons
 l - the +11 long sword "Esoyts" (weapon) {flame, MP+9 Dex+2}
   (You found it on level 2 of the Dungeon)

   It burns those it strikes, dealing additional fire damage.
   Big, fiery blades are also staple armaments of hydra-hunters.
   Dex:       It affects your dexterity (+2).
   MP:        It affects your magic capacity (+9).
Armour
 a - a +0 robe (worn)
 k - a +2 helmet (worn)
Jewellery
 w - a +6 ring of intelligence (left hand)
Scrolls
 c - a scroll of immolation {unknown}
 d - a scroll of enchant weapon
 f - a scroll of silence {unknown}
 h - a scroll of blinking
 j - a scroll of vulnerability {unknown}
 m - a scroll of torment {unknown}
 p - 4 scrolls of identify {unknown}
 q - a scroll of magic mapping {unknown}
 s - a scroll of teleportation {unknown}
Potions
 b - a potion of berserk rage {unknown}
 e - 2 potions of magic {unknown}
 g - a potion of heal wounds {unknown}
 i - a potion of might {unknown}
 n - a potion of cancellation {unknown}
 o - a potion of curing {unknown}
 r - a potion of mutation {unknown}
 t - a potion of degeneration {unknown}
 u - a potion of ambrosia {unknown}
 v - a potion of haste


   Skills:
 + Level 3.1 Long Blades
 + Level 5.2 Dodging
 - Level 3.0 Stealth
 * Level 8.3 Spellcasting
 + Level 6.2 Conjurations
 + Level 4.6 Hexes


You had 13 spell levels left.
You knew the following spells:

 Your Spells              Type           Power      Damage    Failure   Level
a - Magic Dart            Conj           100%       1d8       1%          1
b - Searing Ray           Conj           100%       2d8       1%          2
c - Dazzling Flash        Conj/Hex       96%        N/A       1%          3
d - Fulminant Prism       Conj/Hex       24%        3d13      3%          4

Your spell library contained the following spells:

 Spells                   Type           Power      Damage    Failure   Level
 Portal Projectile        Hex/Tloc       56%        N/A       4%          3
 Hailstorm                Conj/Ice       33%        3d8       10%         4
 Iskenderun's Mystic Bla  Conj/Tloc      33%        2d8       10%         4
 Call Canine Familiar     Summ           13%        N/A       11%         3
 Frozen Ramparts          Ice            26%        1d4       11%         3
 Gell's Gravitas          Tloc           13%        N/A       11%         3
 Teleport Other           Tloc           13%        N/A       11%         3
 Leda's Liquefaction      Hex/Erth       14%        N/A       14%         4
 Dispersal                Tloc           6%         N/A       99%         6


Dungeon Overview and Level Annotations

Branches:
Dungeon (4/15)             Temple (1/1) D:4

Altars:
Cheibriados
Dithmenos
Fedhas
Gozag
Kikubaaqudgha
Makhleb
Nemelex Xobeh
Okawaru
Sif Muna
Trog
Uskayaw
Xom
Yredelemnul
The Shining One

Shops:
D:2 *

Annotations:
D:6 Duvessa


Message History

[Y]es or [N]o only, please.
That beam is likely to hit you.
Continue anyway?
Okay, then.
Aiming: Magic Dart (safe; 1% risk of failure)
Press: ? - help, Q - select action, (/) - cycle Shift-Dir - straight line, f - Duvessa
Aim: Duvessa, wielding a +0 short sword and wearing a +0 ring mail (moderately wounded, berserk, 100% to hit)
The magic dart hits Duvessa but does no damage.
Duvessa is moderately wounded.
Aiming: Magic Dart (safe; 1% risk of failure)
Press: ? - help, Q - select action, (/) - cycle Shift-Dir - straight line, f/p - Duvessa
Aim: Duvessa, wielding a +0 short sword and wearing a +0 ring mail (moderately wounded, berserk, 100% to hit)
The magic dart hits Duvessa.
Duvessa is heavily wounded.
Aiming: Magic Dart (safe; 1% risk of failure)
Press: ? - help, Q - select action, (/) - cycle Shift-Dir - straight line, f/p - Duvessa
Aim: Duvessa, wielding a +0 short sword and wearing a +0 ring mail (heavily wounded, berserk, 100% to hit)
The magic dart hits Duvessa.
Duvessa is heavily wounded.
Aiming: Magic Dart (safe; 1% risk of failure)
Press: ? - help, Q - select action, (/) - cycle Shift-Dir - straight line, f/p - Duvessa
Aim: Duvessa, wielding a +0 short sword and wearing a +0 ring mail (heavily wounded, berserk, 100% to hit)
The magic dart hits Duvessa but does no damage.
Duvessa is heavily wounded.
Duvessa rages.
Casting: Magic Dart (safe; 1% risk of failure)
Confirm with . or Enter, or press ? or * to list all spells.
Aiming: Searing Ray (safe; 1% risk of failure)
Press: ? - help, Shift-Dir - straight line, f/p - Duvessa
Aim: Duvessa, wielding a +0 short sword and wearing a +0 ring mail (heavily wounded, berserk, 87% to hit)
The searing ray hits Duvessa.
Duvessa is severely wounded. (Press . to maintain the ray.) Duvessa misses you.
Duvessa closely misses you.
The searing ray hits Duvessa.
Duvessa is severely wounded.
Duvessa misses you.
The searing ray hits Duvessa but does no damage.
Duvessa is severely wounded.
Duvessa hits you with a +0 short sword!
You die...

#.#...#######.# ##.#
#.........#.## #.# ###
#..#####..## #.# ##..
#.##...##.# #'# ..#
#†#.#.#.#.## #.## ..#
###...#.#....######..#####.##
.....#.#.#.#..#...(....##....#
.....##...##..#.>...8.).§.#..#
####..#####..##.@e...).####
...# ##.......########..##
.... ######### #.## (.. #.# ..
#.# . #.# #.. ...


You could see Duvessa (berserk).

Vanquished Creatures
  Pikel (D:4)
  A black bear (D:6)
  A necrophage (D:6)
  An ogre (D:6)
  Dowan (D:6)
  A bullfrog zombie (D:6)
  4 jellies
  A centaur skeleton (D:6)
  Jessica (D:3)
  Robin (D:4)
  4 adders
  3 gnolls (D:2)
  A white imp (D:3)
  2 ufetubi (D:4)
  A worm (D:3)
  4 dart slugs
  6 orcs
  2 bats
  4 endoplasms
  5 giant cockroaches
  10 hobgoblins
  4 jackals (D:2)
  8 quokkas
  5 ball pythons
  3 frilled lizards
  17 goblins
  3 kobolds
  7 rats
102 creatures vanquished.

Vanquished Creatures (others)
  A fulminant prism (D:4)
  A plant (D:4)
2 creatures vanquished.

Grand Total: 104 creatures vanquished

Notes
Turn   | Place    | Note
-------+----------+-------------------------------------------
     0 | D:1      | hashsling the Deep Elf Conjurer began the quest for the
                  | Orb.
     0 | D:1      | Reached XP level 1. HP: 10/10 MP: 6/6
   306 | D:1      | Reached XP level 2. HP: 15/15 MP: 5/8
   349 | D:1      | Learned a level 2 spell: Searing Ray
  1053 | D:1      | Reached XP level 3. HP: 18/19 MP: 7/10
  1282 | D:2      | Identified the +11 long sword "Esoyts" {flame, MP+9 Dex+2}
  1353 | D:2      | Found a faded altar of an unknown god.
  1372 | D:2      | Found Tinn's Assorted Antiques.
  1417 | D:2      | Reached skill level 4 in Spellcasting
  1427 | D:2      | Learned a level 3 spell: Dazzling Flash
  1782 | D:2      | Reached XP level 4. HP: 20/24 MP: 8/12
  1953 | D:2      | Reached skill level 1 in Hexes
  2240 | D:3      | Noticed Jessica
  2244 | D:3      | Killed Jessica
  2245 | D:3      | Reached skill level 1 in Long Blades
  2578 | D:3      | Found a hide-covered altar of Uskayaw.
  2781 | D:3      | Reached XP level 5. HP: 28/28 MP: 14/14
  2798 | D:3      | Found a sparkling altar of Nemelex Xobeh.
  2804 | D:3      | Found a shimmering altar of Xom.
  2825 | D:3      | Learned a level 4 spell: Fulminant Prism
  2842 | D:3      | Found a large runed translucent door.
  2842 | D:3      | Found a large runed translucent door.
  3051 | D:3      | Found a blossoming altar of Fedhas.
  3057 | D:3      | Found an opulent altar of Gozag.
  3061 | D:3      | Reached skill level 5 in Spellcasting
  3104 | D:4      | Reached skill level 5 in Conjurations
  3125 | D:4      | Found a staircase to the Ecumenical Temple.
  3143 | Temple   | Entered the Ecumenical Temple
  3486 | Temple   | Became a worshipper of Sif Muna the Loreminder
  3589 | D:4      | Noticed Robin
  3601 | D:4      | Killed Robin
  3835 | D:4      | Noticed Pikel
  3837 | D:4      | Reached XP level 6. HP: 32/32 MP: 16/16
  3851 | D:4      | Killed Pikel
  3852 | D:4      | Reached skill level 7 in Spellcasting
  3852 | D:4      | Reached XP level 7. HP: 8/36 MP: 9/19
  4045 | D:4      | Reached * piety under Sif Muna
  4172 | D:4      | You fall into a shaft and drop 2 floors!
  4189 | D:6      | Reached skill level 5 in Dodging
  4189 | D:6      | Reached XP level 8. HP: 38/41 MP: 20/21
  4240 | D:6      | Got the Almanac of the Glacier and the Oath
  4272 | D:6      | Reached skill level 8 in Spellcasting
  4326 | D:6      | Noticed Dowan
  4340 | D:6      | Killed Dowan
  4346 | D:6      | Noticed Duvessa
  4353 | D:6      | HP: 1/41 [Duvessa (12)]
  4362 | D:6      | Mangled by Duvessa

Illustrated notes

Levels and vault maps discovered:
D:1:      dpeg_arrival_arbitrary_a, layout_loops_ring
D:2:      layout_basic, serial_shops, nicolae_shop_trees,
          hellmonk_ecumenical_altar_arch_garden
D:3:      layout_loops_cross, nemelex_dance_club_becter, amcnicky_altar_gilded,
          lemuel_crystal_altar, jmf_multi_god_temple2, uniq_jessica
D:4:      layout_cave_pools, nicolae_elyvilon_temple_path, temple_green,
          uniq_pikel, uniq_robin
D:6:      layout_layer_cave, grunt_ministairs_14, minmay_checkerbox,
          uniq_duvessa
Temple:   compressed_dpeg_triangle_lava_temple

Skill      XL: |  1  2  3  4  5  6  7  8 |
---------------+-------------------------+-----
Stealth        | 3 |  3.0
Spellcasting   | 4 5 7 8 |  8.3
Dodging        | 3 4 5 |  5.2
Hexes          | 1 2 3 4 |  4.6
Long Blades    | 1 2 3 |  3.1
Conjurations   | 5 6 |  6.2

Action                   |  1- 3 |  4- 6 |  7- 9 || total
-------------------------+-------+-------+-------++-------
Melee: Dagger            |     3 |       |       ||     3
       Short sword       |     1 |       |       ||     1
       Long sword        |       |     9 |    19 ||    28
       Punch             |       |       |     1 ||     1
 Cast: Magic Dart        |    69 |    94 |    21 ||   184
       Searing Ray       |     1 |     1 |     6 ||     8
       Fulminant Prism   |       |     1 |       ||     1
       Dazzling Flash    |       |       |     3 ||     3
  Use: Scroll            |       |     2 |     1 ||     3
 Stab: Sleeping          |       |       |     1 ||     1
Armor: Robe              |     1 |     5 |     7 ||    13
Dodge: Dodged            |    12 |     5 |    27 ||    44

Table legend: (Time is in decaauts)
 A = Elapsed time spent in this place.
 B = Non-inter-level travel time spent in this place.
 C = Inter-level travel time spent in this place.
 D = Time resting spent in this place.
 E = Time spent auto-exploring this place.
 F = Levels seen in this place.
 G = Mean time per level.
                   A        B        C        D        E       F      G
               +--------+--------+--------+--------+--------+-----+--------+
         Total |   4367 |   4226 |    141 |      0 |   3705 |   6 |  727.8 |
       Dungeon |   4005 |   3882 |    123 |      0 |   3379 |   5 |  801.0 |
        Temple |    361 |    343 |     18 |      0 |    326 |   1 |  361.0 |
               +--------+--------+--------+--------+--------+-----+--------+

Top non-repeatable levels by time:
     D:1: 1216 daAuts
     D:2: 1017 daAuts
     D:3: 865 daAuts
     D:4: 712 daAuts
  Temple: 361 daAuts
     D:6: 193 daAuts
